 Dungeon Crawl Stone Soup version 0.29.0-7-g18a832c13a (webtiles) character file.

Game seed: 2074603018934729431

23 robertstho the Trooper (level 2, 0/27 HPs)
             Began as a Draconian Berserker on Aug 31, 2022.
             Was a Follower of Trog.
             Slain by Sigmund
             ... wielding a +0 scythe
              (9 damage)
             ... on level 2 of the Dungeon.
             The game lasted 00:00:45 (1108 turns).

robertstho the Trooper (Draconian Berserker)        Turns: 1108, Time: 00:00:46

Health: 0/27       AC:  4    Str: 19    XL:     2   Next: 72%
Magic:  2/2        EV: 12    Int:  7    God:    Trog [*.....]
Gold:   78         SH:  0    Dex: 10    Spells: 1/1 levels left

rFire   . . .      SeeInvis .   a - +0 spear
rCold   . . .      Faith    .   (no shield)
rNeg    . . .      Spirit   .   (body armour unavailable)
rPois   .          Reflect  .   (helmet restricted)
rElec   .          Harm     .   (no cloak)
rCorr   .          Rampage  .   (no gloves)
Will    .....                   (no boots)
Stlth   +.........              (no amulet)
HPRegen 0.09/turn               (no ring)
MPRegen 0.08/turn               (no ring)

@: confused, on berserk cooldown, slowed, very slow
A: AC +4, unfitting armour, cold-blooded
a: Renounce Religion, Berserk


You were on level 2 of the Dungeon.
You worshipped Trog.
Trog was aware of your devotion.
You visited 1 branch of the dungeon, and saw 2 of its levels.

You collected 78 gold pieces.

Inventory:

Hand Weapons
 a - a +0 spear (weapon)
Jewellery
 f - a ring of positive energy
Scrolls
 c - a scroll of noise {unknown}
 g - a scroll of identify {unknown}
 i - a scroll of fog {unknown}
 k - a scroll of enchant weapon {unknown}
Potions
 b - 2 potions of mutation {unknown}
 d - a potion of might {unknown}
 e - a potion of berserk rage {unknown}
 h - a potion of heal wounds {unknown}
 j - a potion of curing {unknown}


   Skills:
 * Level 3.8 Fighting
 + Level 3.2 Polearms
 * Level 3.1 Dodging


You had one spell level left.
You didn't know any spells.
Your spell library was empty.

Dungeon Overview and Level Annotations

Branches:
Dungeon (2/15)

Altars:

Annotations:
D:2 Sigmund


Innate Abilities, Weirdness & Mutations

Your plain brown scales are hard. (AC +4)
You cannot fit into any form of body armour.
You are cold-blooded and may be slowed by cold attacks.


Message History

Sigmund shouts!
An endoplasm comes into view.
The endoplasm quivers.
Sigmund gestures at you while chanting. You resist with significant effort.
You reach to attack!
You hit Sigmund but do no damage. Sigmund casts a spell at you.
The magic dart hits you.
You reach to attack!
You hit Sigmund.
Sigmund is moderately wounded.
The endoplasm jiggles.
Sigmund casts a spell.
Sigmund flickers and vanishes!
Deactivating autopickup; reactivate with Ctrl-A.
You hit the endoplasm but do no damage.
The endoplasm hits you but does no damage.
Something hits you.
A red film seems to cover your vision as you go berserk!
You feel yourself moving faster!
You feel mighty!
The endoplasm hits you but does no damage.
You puncture the endoplasm!
You kill the endoplasm!
Trog accepts your kill. Something hits you.
Found a runed orb.
Found a stone staircase leading down.
You closely miss something. Something hits you!
You puncture something! You hit something.
Your tail-slap misses something.
You barely miss something.
Your tail-slap misses something.
You puncture something!
You hear some strange, mumbled words.
You are confused.
You feel a strong urge to attack something.
Something hits you.
You're too confused to move!
You're too confused to move!
You feel your anger nearly subside.
You are no longer berserk.
You are exhausted.
You feel yourself slow down. Something hits you!
You die...

.......... #.#..
..######## #.#.#
....###### #.#.#
.........# #.#.#
.<#.####.#.#.#.#
..#............#######
.###....####.........#
.. ......
#.#{......#.. . ....#.
#.#..@....... . ...#
#.#.......### . ...#
#.#.......# .
#.........+
###.......# #.#[>.....
#.#...###.. #.#...# ..


There were no monsters in sight!

Vanquished Creatures
  3 endoplasms
  2 goblins (D:1)
  3 hobgoblins
  A quokka (D:1)
  4 bats (D:1)
  5 kobolds (D:1)
  2 rats (D:1)
20 creatures vanquished.

Notes
Turn   | Place    | Note
-------+----------+-------------------------------------------
     0 | D:1      | robertstho the Draconian Berserker began the quest for the
                  | Orb.
     0 | D:1      | Reached XP level 1. HP: 19/19 MP: 1/1
   341 | D:1      | Reached XP level 2. HP: 22/26 MP: 2/2
  1059 | D:2      | Identified the +3 ring mail of Insurance {Dex+5}
  1090 | D:2      | Noticed Sigmund
  1108 | D:2      | Slain by Sigmund

Illustrated notes

Levels and vault maps discovered:
D:1:      matt_arrival_spirals, layout_loops_ring, kennysheep_nondescript,
          corexii_corridor_pit
D:2:      layout_basic, hellmonk_ecumenical_altar_run_dry,
          dreamdust_princess_corridor, kennysheep_boxes, uniq_robin,
          uniq_sigmund

Skill      XL: |  1  2 |
---------------+-------+-----
Dodging        | 3 |  3.1
Fighting       | |  3.8
Polearms       | |  3.2

Action                   || total
-------------------------++-------
Melee: Spear             ||    58
       Tailslap          ||     3
Invok: Berserk           ||     1
 Stab: Sleeping          ||     1
Armor: Skin              ||     9
Dodge: Dodged            ||    14
